 Dungeon Crawl Stone Soup version 0.27-a0-633-gc6addc0a40 (webtiles) character file.

Game seed: 10200849004239611118

43 zzzxxxcccvvv the Sneak (level 3, -2/18 HPs)
             Began as a Vine Stalker Brigand on Mar 13, 2021.
             Slain by a gnoll
             ... wielding a +0 whip
              (6 damage)
             ... on level 2 of the Dungeon.
             The game lasted 00:33:30 (1844 turns).

zzzxxxcccvvv the Sneak (Vine Stalker Brigand)       Turns: 1844, Time: 00:33:31

Health: -2/18      AC:  3    Str: 13    XL:     3   Next: 58%
Magic:  0/4        EV: 12    Int: 11    God:
Gold:   84         SH:  0    Dex: 16    Spells: 2/2 levels left

rFire    . . .     SeeInvis .   o - +1 dagger (speed)
rCold    . . .     Faith    .   (no shield)
rNeg     . . .     Spirit   +   g - +0 robe
rPois    .         Reflect  .   (no helmet)
rElec    .         Harm     .   c - +0 cloak
rCorr    .         Rampage  .   (no gloves)
Will     .....                  (no boots)
Stlth    +++.......             (no amulet)
HPRegen  0.06/turn              (no ring)
MPRegen  0.09/turn              (no ring)

@: no status effects
A: fangs 2, magic shield, antimagic bite, no potion heal 3
a: no special abilities


You were on level 2 of the Dungeon.
You visited 1 branch of the dungeon, and saw 2 of its levels.

You collected 84 gold pieces.

Inventory:

Hand Weapons
 o - a +1 dagger of speed (weapon)
Missiles
 b - 4 large rocks
 d - 8 poisoned darts (quivered)
 e - 2 curare-tipped darts
 j - 36 stones
Armour
 c - a +0 cloak (worn)
 g - a +0 robe (worn)
 q - a +0 ring mail
Jewellery
 s - an amulet of faith
Scrolls
 i - 2 scrolls of blinking {unknown}
 k - 5 scrolls of identify {unknown}
 l - a scroll of teleportation {unknown}
 n - a scroll of magic mapping {unknown}
 p - a scroll of amnesia {unknown}
Potions
 f - a potion of degeneration {unknown}
 h - 4 potions of heal wounds {unknown}
 m - 3 potions of attraction {unknown}
 r - a potion of ambrosia {unknown}


   Skills:
 + Level 1.9 Fighting
 + Level 2.1 Short Blades
 + Level 1.8 Throwing
 * Level 1.0 Dodging
 + Level 6.1 Stealth


You had 2 spell levels left.
You didn't know any spells.
Your spell library was empty.

Dungeon Overview and Level Annotations

Branches:
Dungeon (2/15)

Altars:
Wu Jian


Innate Abilities, Weirdness & Mutations

You have extremely sharp teeth.
When hurt, damage is shared between your health and your magic reserves.
Your bite disrupts and absorbs the magic of your enemies.
Potions cannot restore your health.


Message History

Found a fizzy cyan potion.
You see here 22 bolts.
t - 22 bolts You drop 22 bolts.
You see here 21 arrows.
Found a scroll labelled YTHRADW GOBIRPH.
A gnoll comes into view.
You see here a scroll labelled YTHRADW GOBIRPH.
i - 2 scrolls labelled YTHRADW GOBIRPH (gained 1)
The gnoll shouts!
You hear a shout!
A gnoll comes into view. It is wielding a +0 spear.
The gnoll shouts!
You hit the gnoll.
The gnoll is moderately wounded.
You hit the gnoll.
The gnoll is severely wounded.
The gnoll hits you with a +0 spear! The gnoll closely misses you.
A gnoll comes into view. It is wielding a +0 whip.
You hit the gnoll.
The gnoll is moderately wounded.
The gnoll hits you!
You are too injured to fight recklessly!
You hit the gnoll. Your bite misses the gnoll.
The gnoll is heavily wounded.
The gnoll hits you from afar with a +0 spear.
* * * LOW HITPOINT WARNING * * *
As you read the scroll labelled HOGOUX SODI, it crumbles to dust.
You assume a fearsome visage.
The gnoll looks frightened! x3
It was a scroll of fear.
The gnoll wails, "Oh dear!
Oh dear!"
Cornered, the gnoll turns to fight!
You are too injured to fight recklessly!
You barely miss the gnoll. The gnoll closely misses you.
You hit the gnoll.
The gnoll is moderately wounded.
You hit the gnoll. You bite the gnoll, but do no damage.
The gnoll is heavily wounded.
The gnoll hits you with a +0 whip!
You die...

....# #..(..##...
+.. #####
#.....##..##+# #..
#.###.##..##.# ###
#.# #.##..##.# #.#
#.##..##.# #.#
#.##..##.#
###.###.....##.#
#...........##.#
#####.g....@...#
######.g.......g..
#.########### ###


You could see 2 gnolls.

Vanquished Creatures
  An ooze (D:2)
  A worm (D:2)
  2 dart slugs (D:1)
  A giant cockroach (D:1)
  4 goblins
  5 hobgoblins
  A quokka (D:2)
  3 bats (D:2)
  2 frilled lizards (D:1)
  2 kobolds (D:1)
  11 rats
33 creatures vanquished.

Notes
Turn   | Place    | Note
-------+----------+-------------------------------------------
     0 | D:1      | zzzxxxcccvvv the Vine Stalker Brigand began the quest for
                  | the Orb.
     0 | D:1      | Reached XP level 1. HP: 11/11 MP: 2/2
    73 | D:1      | Reached skill level 5 in Stealth
   159 | D:1      | Reached XP level 2. HP: 15/15 MP: 3/3
  1118 | D:2      | Reached XP level 3. HP: 18/18 MP: 4/4
  1586 | D:2      | Found an ornate altar of the Wu Jian Council.
  1688 | D:2      | Reached skill level 1 in Dodging
  1723 | D:2      | Reached skill level 6 in Stealth
  1844 | D:2      | Slain by a gnoll

Illustrated notes

Levels and vault maps discovered:
D:1:      heliophobic_arrival_battle_scene, layout_loops_cross,
          hangedman_decor_slide_cut
D:2:      layout_basic, okawaru_altar_gauntlet_db, nicolae_wu_jian_wuxing_cycle,
          minivault_27, kennysheep_generic_room_14

Skill      XL: |  1  2  3 |
---------------+----------+-----
Stealth        | 5 6 |  6.1
Short Blades   | 2 |  2.1
Dodging        | 1 |  1.0
Fighting       | |  1.9
Throwing       | |  1.8

Action                   || total
-------------------------++-------
Melee: Dagger            ||    73
       Bite              ||    17
  Use: Scroll            ||     1
 Stab: Sleeping          ||    10
Armor: Robe              ||     6
Dodge: Dodged            ||    24

Table legend: (Time is in decaauts)
 A = Elapsed time spent in this place.
 B = Non-inter-level travel time spent in this place.
 C = Inter-level travel time spent in this place.
 D = Time resting spent in this place.
 E = Time spent auto-exploring this place.
 F = Levels seen in this place.
 G = Mean time per level.
                   A        B        C        D        E       F      G
               +--------+--------+--------+--------+--------+-----+--------+
         Total |   1825 |   1814 |     11 |      0 |    951 |   2 |  912.5 |
       Dungeon |   1825 |   1814 |     11 |      0 |    951 |   2 |  912.5 |
               +--------+--------+--------+--------+--------+-----+--------+

Top non-repeatable levels by time:
     D:1: 989 daAuts
     D:2: 836 daAuts
